[Event "Team 45 45 League T62"]
[Site "Internet Chess Club"]
[Date "2014.09.05"]
[Round "2"]
[White "Just-Jim"]
[Black "Rococo"]
[Result "1-0"]
[WhiteElo "1325"]
[BlackElo "1231"]
[Opening "Scandinavian (center counter) defense"]
[ECO "B01"]
[Time "11:01:41"]
[TimeControl "2700+45"]

1. e4 d5 2. e5 c5 3. Nf3 Bg4 4. Be2 e6 5. h3 Bxf3 6. Bxf3 Nc6 7. O-O Nxe5 8. Re1
Bd6 9. d4 Nxf3+ 10. Qxf3 Nf6 11. dxc5 Bxc5 12. Bg5 Be7 13. Nc3 h6 14. Bxf6 Bxf6
15. Nxd5 Bg5 16. Rad1 O-O 17. Nc3 Qb6 18. b3 Rac8 19. Ne4 Be7 20. Rd7 Rc7 21.
Red1 Rxd7 22. Rxd7 Bb4 23. c3 Qc6 24. Rd4 Ba5 25. b4 Bb6 26. Rd6 Qc7 27. Qg3 Rd8
28. Nf6+ Kf8 29. Rxd8+ Qxd8 30. Ne4 Qd1+ 31. Kh2 Qd7 32. f4 Qd5 33. Qf3 Bc7 34.
Kg3 e5 35. f5 Qxa2 36. f6 Qe6 37. fxg7+ Kxg7 38. Qg4+ Qg6 39. Qxg6+ fxg6 40. Kf3
b6 41. c4 g5 42. g4 Kg6 43. b5 Kg7 44. c5 Kf7 45. c6 Ke6 46. Ke3 Kd5 47. Nf6+
Kc5 48. Ng8 Kxb5 49. Nxh6 a5 50. h4 a4 51. hxg5 a3 52. g6 a2 53. g7 a1=Q 54.
g8=Q Qc1+ 55. Kd3 Qxh6 56. Qd5+ Ka4 57. Qa2+ Kb5 58. Qc4+ Ka5 59. Qa2+ Kb5 60.
Qc4+ Ka5 61. Qa2+ Kb5 62. Qc4+ Ka5 63. Kc3 Qe3+ 64. Qd3 Qc5+ 65. Qc4 Qa3+ 66.
Qb3 Qxb3+ 67. Kxb3 e4 68. g5 e3 69. Kc2 Kb5 70. g6 e2 71. Kd2 {Black resigns}
1-0

[Event "Team 45 45 League T62"]
[Site "Internet Chess Club"]
[Date "2014.09.08"]
[Round "2"]
[White "wildangels"]
[Black "jjaco"]
[Result "0-1"]
[WhiteElo "1030"]
[BlackElo "1012"]
[Opening "Vienna game"]
[ECO "C26"]
[Time "10:00:14"]
[TimeControl "2700+45"]

1. e4 e5 2. Bc4 Nf6 3. Nc3 d6 4. Nf3 Be7 5. d3 O-O 6. Nd5 Nbd7 7. Bg5 Nxd5 8.
Bxd5 Bxg5 9. d4 Nb6 10. g3 Nxd5 11. exd5 Bg4 12. Qd3 Re8 13. h4 exd4+ 14. Kf1
Bf6 15. Nxd4 Bxd4 16. Qxd4 h5 17. Kg2 c6 18. f3 Re2+ 19. Kf1 Bxf3 20. Qd3 Qf6
21. Qxe2 Bxe2+ 22. Kxe2 Re8+ 23. Kd3 Qf3+ 24. Kc4 Re4# {White checkmated} 0-1

[Event "Team 45 45 League T62"]
[Site "Internet Chess Club"]
[Date "2014.09.06"]
[Round "2"]
[White "Leon13"]
[Black "Toalla"]
[Result "1-0"]
[WhiteElo "1410"]
[BlackElo "1185"]
[Opening "Sicilian: closed"]
[ECO "B23"]
[Time "16:14:14"]
[TimeControl "2700+45"]

1. e4 c5 2. Nc3 e6 3. f4 d5 4. e5 f6 5. Nf3 f5 6. Bb5+ Bd7 7. a4 Nc6 8. Bxc6
Bxc6 9. O-O Qd7 10. d3 O-O-O 11. b3 Ne7 12. Ng5 Ng6 13. Qe1 h6 14. Nf3 Be7 15.
Bd2 a6 16. Qg3 Qe8 17. d4 Qf7 18. dxc5 Bxc5+ 19. Kh1 d4 20. Na2 Ne7 21. b4 Ba7
22. b5 Bxf3 23. Qxf3 Nd5 24. bxa6 bxa6 25. Nb4 Qb7 26. Nxd5 Qxd5 27. Qd3 Qb7 28.
Rab1 {Black resigns} 1-0

[Event "Team 45 45 League T62"]
[Site "Internet Chess Club"]
[Date "2014.09.06"]
[Round "2"]
[White "guyd52"]
[Black "Fogbound"]
[Result "1-0"]
[WhiteElo "1333"]
[BlackElo "1233"]
[Opening "Réti: King's Indian attack (Barcza system)"]
[ECO "A07"]
[Time "06:00:49"]
[TimeControl "2700+45"]

1. Nf3 d5 2. g3 Nf6 3. Bg2 e6 4. d3 c5 5. Bf4 Be7 6. Nbd2 Nc6 7. O-O b6 8. e4 d4
9. Nc4 Bb7 10. Qd2 b5 11. Nce5 O-O 12. c3 Nh5 13. Nxc6 Bxc6 14. Be5 f6 15. Bf4
Nxf4 16. Qxf4 e5 17. Qh4 f5 18. Qh5 Be8 19. Qh3 Bd6 20. exf5 Qf6 21. Nxe5 Rd8
22. Bd5+ Kh8 23. Nc6 Bxc6 24. Bxc6 a6 25. Be4 dxc3 26. bxc3 Qxc3 27. f6 h6 28.
Qf5 g6 29. Qxg6 Rf7 30. Qxf7 Rd7 31. Qe8+ {Black resigns} 1-0

[Event "Team 45 45 League T62"]
[Site "Internet Chess Club"]
[Date "2014.09.08"]
[Round "2"]
[White "Andaluz"]
[Black "Conjurer"]
[Result "1-0"]
[WhiteElo "1286"]
[BlackElo "1283"]
[Opening "Sicilian: dragon, classical attack"]
[ECO "B72"]
[Time "13:07:14"]
[TimeControl "2700+45"]

1. e4 c5 2. Nf3 d6 3. d4 cxd4 4. Nxd4 Nf6 5. Nc3 g6 6. Be2 Bg7 7. Be3 O-O 8. h4
e5 9. Nb3 Nc6 10. h5 Nxh5 11. Bxh5 Be6 12. Bg4 f5 13. exf5 Bxf5 14. Bxf5 Rxf5
15. Qd2 Qf6 16. Qd5+ Qf7 17. Qxf7+ Rxf7 18. O-O Raf8 19. Rad1 Rd7 20. a3 a6 21.
Nc5 Re7 22. Rxd6 Nd4 23. Bxd4 exd4 24. N3e4 Rf5 25. Rd7 Rfe5 26. Rxe7 Rxe7 27.
f3 Rc7 28. Rf2 Kf7 29. Re2 {Black resigns} 1-0

[Event "Team 45 45 League T62"]
[Site "Internet Chess Club"]
[Date "2014.09.07"]
[Round "2"]
[White "theartist"]
[Black "oldbookseller"]
[Result "0-1"]
[WhiteElo "1056"]
[BlackElo "1083"]
[Opening "Queen's gambit declined"]
[ECO "D30"]
[Time "10:21:04"]
[TimeControl "2700+45"]

1. d4 d5 2. c4 e6 3. Nf3 Nf6 4. e3 Nbd7 5. Bd3 Bd6 6. cxd5 e5 7. dxe5 Nxe5 8. e4
O-O 9. O-O Bg4 10. Be2 Nxe4 11. Qc2 Nf6 12. Bg5 h6 13. Bh4 c6 14. Nxe5 Bxe5 15.
dxc6 Rc8 16. Qd2 Qe7 17. Nc3 Bb8 18. Bxg4 Qc7 19. Bxc8 Qxh2# {White checkmated}
0-1

[Event "Team 45 45 League T62"]
[Site "Internet Chess Club"]
[Date "2014.09.08"]
[Round "2"]
[White "Aquaman"]
[Black "KingOfClubs"]
[Result "1-0"]
[WhiteElo "1360"]
[BlackElo "1327"]
[Opening "French: Alapin variation"]
[ECO "C01"]
[Time "15:00:30"]
[TimeControl "2700+45"]

1. d4 d5 2. e4 e6 3. Be3 Nf6 4. e5 Nfd7 5. f4 c5 6. c3 Nc6 7. Nf3 h6 8. Be2 Qb6
9. Qc1 cxd4 10. cxd4 Bb4+ 11. Nc3 O-O 12. O-O Qa5 13. a3 Be7 14. b4 Qb6 15. Nd1
a6 16. Nf2 f6 17. Rb1 fxe5 18. dxe5 d4 19. Bd2 Qa7 20. Kh1 b5 21. Qxc6 Nb8 22.
Qc1 Bb7 23. Nd3 Rc8 24. Qb2 Nc6 25. Rbc1 Rd8 26. Qa2 Kf7 27. Nfe1 g6 28. Bg4 Rd5
29. Bf3 Rd7 30. Bxc6 Rc7 31. Bxb7 Qxb7 32. Rxc7 Qxc7 33. Qc2 Qb7 34. Qb2 Qe4 35.
Nf2 Qe2 36. Kg1 Rd8 37. Qc2 a5 38. Qd3 Qh5 39. Qxb5 axb4 40. axb4 Rd5 41. Qd3
Bh4 42. Ne4 {Black forfeits on time} 1-0

[Event "Team 45 45 League T62"]
[Site "Internet Chess Club"]
[Date "2014.09.05"]
[Round "2"]
[White "rhayder"]
[Black "bugeyes"]
[Result "1-0"]
[WhiteElo "1402"]
[BlackElo "1189"]
[Opening "Ruy Lopez: closed (10...c5)"]
[ECO "C96"]
[Time "18:01:53"]
[TimeControl "2700+45"]

1. e4 e5 2. Nf3 Nc6 3. Bb5 a6 4. Ba4 Nf6 5. O-O Be7 6. Re1 b5 7. Bb3 O-O 8. c3
d6 9. h3 Na5 10. Bc2 c5 11. d4 cxd4 12. cxd4 Nc6 13. d5 Nb4 14. Bb3 Bd7 15. a3
Qa5 16. Bd2 Rac8 17. Bxb4 Qc7 18. Nbd2 a5 19. Bc3 a4 20. Ba2 Kh8 21. Bb4 Ne8 22.
Rc1 Qa7 23. Rxc8 Bxc8 24. Qe2 Ba6 25. Qe3 Qc7 26. Qc3 Qa7 27. Rc1 h6 28. Qe3 Qb7
29. Bb1 Nf6 30. g4 Bd8 31. Bd3 Bb6 32. Qe2 Bc7 33. Nb1 Ne8 34. Nc3 Bd8 35. Nxb5
Bxb5 36. Bxb5 Nc7 37. Bxa4 Qc8 38. Bxd6 Nb5 39. Rxc8 {Black resigns} 1-0

[Event "Team 45 45 League T62"]
[Site "Internet Chess Club"]
[Date "2014.09.06"]
[Round "2"]
[White "semperfi"]
[Black "arconia"]
[Result "1-0"]
[WhiteElo "1398"]
[BlackElo "1269"]
[Opening "Modern defense"]
[ECO "A40"]
[Time "14:00:13"]
[TimeControl "2700+45"]

1. d4 g6 2. e3 Bg7 3. Nf3 Nf6 4. c4 O-O 5. Nc3 c6 6. Be2 d5 7. O-O Nbd7 8. Qb3
Rb8 9. cxd5 a6 10. dxc6 bxc6 11. Qc2 Bb7 12. b3 c5 13. Bb2 Rc8 14. Qd3 Qc7 15.
Rab1 e5 16. dxe5 Ng4 17. Ne4 Ndxe5 18. Nxe5 Nxe5 19. Bxe5 Bxe5 20. f4 Rcd8 21.
Qc2 Bg7 22. Bf3 Bxe4 23. Bxe4 f5 24. Bd3 a5 25. Bc4+ Kh8 26. Qe2 h5 27. Qf3 Qe7
28. Qh3 Bf6 29. Qg3 Kg7 30. Qe1 Rh8 31. Rf3 h4 32. h3 Qf8 33. a4 Re8 34. Qxa5
Rh5 35. Qc7+ Re7 36. Qxc5 Qh8 37. Rd1 Re8 38. Rd7+ Kh6 39. Qc7 Bd8 40. Qd6 Qa1+
41. Rf1 Qc3 42. Kh2 Qxe3 43. Rxd8 Qg3+ 44. Kg1 Qe3+ 45. Kh1 Rxd8 46. Qxd8 Kg7
47. Qd7+ Kf8 48. Qf7# {Black checkmated} 1-0

[Event "Team 45 45 League T62"]
[Site "Internet Chess Club"]
[Date "2014.09.07"]
[Round "2"]
[White "stantheman59"]
[Black "RobertBuice"]
[Result "0-1"]
[WhiteElo "1216"]
[BlackElo "1099"]
[Opening "Four knights: Gunsberg variation"]
[ECO "C44"]
[Time "18:05:53"]
[TimeControl "2700+45"]

1. e4 e5 2. Nf3 Nc6 3. a3 Nf6 4. Nc3 d6 5. h3 Be6 6. Bb5 a6 7. Bxc6+ bxc6 8. d4
exd4 9. Nxd4 c5 10. Nxe6 fxe6 11. Bg5 c6 12. e5 dxe5 13. Qxd8+ Rxd8 14. b4 c4
15. O-O h6 16. Bh4 c5 17. b5 axb5 18. Nxb5 Rd2 19. c3 g5 20. Bg3 e4 21. Rfd1
Rxd1+ 22. Rxd1 g4 23. Be5 Be7 24. hxg4 Rg8 25. f3 exf3 26. gxf3 h5 27. Nc7+ Kf7
28. Bxf6 Kxf6 29. Re1 e5 30. Kf2 Bd6 31. Nd5+ Kg5 32. Ne3 h4 33. Nxc4 Bc7 34.
Nxe5 Kf4 35. Re4+ Kg5 36. Kg2 Bxe5 37. Rxe5+ Kf4 38. Rxc5 Re8 39. Kf2 h3 40. Rh5
Ra8 41. Rxh3 Rxa3 42. Rg3 Ra2+ 43. Kg1 Kxg3 44. g5 Ra1# {White checkmated} 0-1

[Event "Team 45 45 League T62"]
[Site "Internet Chess Club"]
[Date "2014.09.08"]
[Round "2"]
[White "fireball"]
[Black "mattp108"]
[Result "0-1"]
[WhiteElo "1659"]
[BlackElo "1661"]
[Opening "Caro-Kann defense"]
[ECO "B10"]
[Time "21:28:14"]
[TimeControl "2700+45"]

1. e4 c6 2. Ne2 d5 3. e5 d4 4. b4 e6 5. a3 c5 6. b5 Nd7 7. f4 f6 8. exf6 Ngxf6
9. d3 Qa5+ 10. Nd2 Qxb5 11. Nb3 Bd6 12. Ng3 e5 13. f5 O-O 14. Be2 Nd5 15. a4 Qc6
16. Na5 Qc7 17. Nc4 Nc3 18. Qd2 Be7 19. O-O Nf6 20. Bf3 Bd7 21. Re1 Rae8 22.
Nxe5 Bxa4 23. Nc4 b5 24. Nb2 Bd6 25. Qf2 Rxe1+ 26. Qxe1 Bxc2 27. Bd2 Re8 28. Qf2
Bxg3 29. hxg3 Bb3 30. Ra3 Qf7 31. Ra6 Bd5 32. Bxd5 Nfxd5 33. Ra1 Re2 {White
resigns} 0-1

[Event "Team 45 45 League T62"]
[Site "Internet Chess Club"]
[Date "2014.09.06"]
[Round "2"]
[White "pokerram"]
[Black "nidusin2"]
[Result "0-1"]
[WhiteElo "1644"]
[BlackElo "1640"]
[Opening "Ruy Lopez: Berlin defense, 4.O-O, d6"]
[ECO "C66"]
[Time "19:00:30"]
[TimeControl "2700+45"]

1. e4 e5 2. Nf3 Nc6 3. Bb5 Nf6 4. O-O d6 5. d4 Bg4 6. dxe5 Bxf3 7. Qxf3 dxe5 8.
Bg5 Be7 9. Bxc6+ bxc6 10. Rd1 Qc8 11. Nd2 Qe6 12. Bxf6 Bxf6 13. Qc3 O-O 14. Nb3
Be7 15. Na5 c5 16. Nb3 Rab8 17. Nxc5 Bxc5 18. Qxc5 Rxb2 19. c4 Qb6 20. Qxb6 axb6
21. Rd7 c5 22. a4 Rb4 23. Rb7 Rd8 24. Rc1 f6 25. g3 Rd4 26. Ra7 Rxe4 27. a5 bxa5
28. Rxa5 Rexc4 29. Rxc5 Rxc1+ 30. Rxc1 Rb7 31. Kg2 Kf7 32. h4 f5 33. Rc2 Ke6 34.
f3 h6 35. h5 Kf6 36. f4 e4 37. Rc6+ Kf7 38. Rc5 g6 39. hxg6+ Kxg6 40. Rc6+ Kh5
41. Kh3 Re7 42. Rc5 e3 43. g4+ Kg6 44. gxf5+ Kf6 45. Kg2 h5 46. Kf1 e2+ 47. Ke1
h4 48. Rc3 Kxf5 49. Rh3 Kg4 50. Rh1 Re3 51. f5 h3 52. f6 Rf3 53. Kxe2 Rxf6 54.
Rg1+ Kh4 55. Rg8 Rf4 56. Rg1 h2 57. Rh1 Kh3 58. Ke3 Rf7 59. Rd1 Kg2 60. Rd2+ Kg1
61. Rxh2 Kxh2 62. Ke4 Kg3 63. Kd4 Kf4 64. Kd5 Re7 65. Kd6 Re1 66. Kd5 Kf5 67.
Kd4 Re8 68. Kd5 Rd8+ 69. Kc6 Ke6 70. Kc7 Rd1 71. Kc6 Rc1+ 72. Kb5 Kd5 73. Kb4
Rc8 74. Kb3 Kd4 75. Kb2 Kd3 76. Kb3 Rb8+ 77. Ka4 Kc4 78. Ka5 Rb1 79. Ka6 Kc5 80.
Ka7 Kc6 81. Ka8 Kc7 {White resigns} 0-1

[Event "Team 45 45 League T62"]
[Site "Internet Chess Club"]
[Date "2014.09.07"]
[Round "2"]
[White "Insan996"]
[Black "idjit"]
[Result "1-0"]
[WhiteElo "1545"]
[BlackElo "1581"]
[Opening "Queen's Indian: Miles variation"]
[ECO "A47"]
[Time "11:11:34"]
[TimeControl "2700+45"]

1. d4 Nf6 2. Nf3 b6 3. Bf4 e6 4. c4 Bb4+ 5. Nc3 Ba6 6. e3 O-O 7. Bd3 Bxc3+ 8.
bxc3 h6 9. O-O Nc6 10. e4 d5 11. cxd5 Bxd3 12. Qxd3 exd5 13. e5 Ne4 14. Rab1 Qe7
15. c4 Nb4 16. Qb3 c5 17. cxd5 g5 18. Bc1 a5 19. a3 Nxd5 20. Qxd5 Nc3 21. Qb3
Nxb1 22. Qxb1 cxd4 23. Qxb6 d3 24. Qxh6 g4 25. Bg5 Qxa3 26. Bf6 {Black resigns}
1-0

[Event "Team 45 45 League T62"]
[Site "Internet Chess Club"]
[Date "2014.09.07"]
[Round "2"]
[White "Megasus"]
[Black "Ajolote"]
[Result "0-1"]
[WhiteElo "1533"]
[BlackElo "1589"]
[Opening "Réti opening"]
[ECO "A04"]
[Time "20:31:03"]
[TimeControl "2700+45"]

1. Nf3 c5 2. e3 Nf6 3. d4 e6 4. a3 Be7 5. Nbd2 O-O 6. h3 d5 7. b3 Nbd7 8. Bb2 b6
9. Bd3 Qc7 10. Rc1 Bb7 11. O-O Rac8 12. Re1 a6 13. c4 Qd8 14. Qc2 dxc4 15. bxc4
b5 16. Qd1 bxc4 17. Nxc4 Nb6 18. Qb3 Nxc4 19. Qxb7 Rb8 20. Qxa6 Nxb2 21. Bc2
cxd4 22. Nxd4 Qb6 23. Qxb6 Rxb6 24. a4 Ra6 25. a5 Bb4 26. Re2 Bxa5 27. Bb1 Na4
28. Nc6 Kh8 29. Ra2 Bb6 30. Ne5 Raa8 31. Rc4 Nc5 32. Rxa8 Rxa8 33. Nxf7+ Kg8 34.
Ne5 g6 35. Rb4 Nd5 36. Rb5 Kg7 37. Nc4 Nd7 38. Be4 Ra1+ 39. Kh2 Bc7+ 40. g3 Ra4
41. Bxd5 exd5 42. Nb2 Ra5 43. Rb7 Rc5 44. Nd3 Rc3 45. Nb4 Nf6 46. Na6 Ne8 47.
Kg2 Kh6 48. Rb4 Bd6 49. Rh4+ Kg7 50. Nb4 Nf6 51. Rd4 Bc5 52. Rf4 Rb3 53. Nc6 Rb6
54. Nd4 Bd6 55. Ne6+ Kf7 56. Ng5+ Ke7 57. Ra4 h6 58. Nf3 Ne4 59. Nh4 Kf6 60. Nf3
Rb2 {White resigns} 0-1

[Event "Team 45 45 League T62"]
[Site "Internet Chess Club"]
[Date "2014.09.06"]
[Round "2"]
[White "Signalman"]
[Black "GregoryViking"]
[Result "1-0"]
[WhiteElo "1747"]
[BlackElo "1583"]
[Opening "QGD: 4.Nf3"]
[ECO "D37"]
[Time "10:05:50"]
[TimeControl "2700+45"]

1. d4 d5 2. Nf3 Nf6 3. c4 e6 4. Nc3 Nbd7 5. Bf4 c5 6. Nb5 Qa5+ 7. b4 Qxb4+ 8.
Bd2 Qxc4 9. Nc7+ Kd8 10. Nxa8 cxd4 11. e4 Qc6 12. Nxd4 Qd6 13. Rc1 Nxe4 14. Nb5
Qe5 15. f4 Qb2 16. Rc2 Qf6 17. Nxa7 Qh4+ 18. g3 Nxg3 19. Rxc8+ Ke7 20. Bb4+ Kf6
21. Qd4+ Kf5 22. Bd3+ Ne4+ 23. Kd1 Bxb4 24. Rxh8 Bc5 25. Qxg7 Qh5+ 26. Kc1 Bxa7
27. Rxh7 Be3+ 28. Kc2 Qf3 29. Qg5# {Black checkmated} 1-0

[Event "Team 45 45 League T62"]
[Site "Internet Chess Club"]
[Date "2014.09.09"]
[Round "2"]
[White "Schachteufel"]
[Black "ticopatzer"]
[Result "1-0"]
[WhiteElo "1562"]
[BlackElo "1695"]
[Opening "Sicilian: Grand Prix attack"]
[ECO "B23"]
[Time "19:01:43"]
[TimeControl "2700+45"]

1. e4 c5 2. Nc3 Nc6 3. f4 e6 4. Nf3 d5 5. Bb5 d4 6. Ne2 a6 7. Bxc6+ bxc6 8. d3
Nf6 9. b3 Be7 10. O-O O-O 11. Ng3 a5 12. a4 Ba6 13. Ne5 Qc7 14. Ng4 Rfd8 15.
Nxf6+ Bxf6 16. Qg4 Bc8 17. Nh5 Qe7 18. e5 Bxe5 19. fxe5 g6 20. Nf6+ Kh8 21. Qh4
h5 22. Bg5 Qf8 23. Nxh5 gxh5 24. Bf6+ Kh7 25. Qxh5+ Qh6 26. Qxh6+ Kxh6 27. Bxd8
Ba6 28. Bh4 Kh5 29. Bg3 Kg6 30. Rf6+ Kg7 31. Raf1 Rf8 32. Bf4 Bc8 33. Bh6+ Kg8
34. Bxf8 Kxf8 35. Rxf7+ {Black resigns} 1-0

[Event "Team 45 45 League T62"]
[Site "Internet Chess Club"]
[Date "2014.09.05"]
[Round "2"]
[White "rayonline53"]
[Black "mkoga"]
[Result "1-0"]
[WhiteElo "1520"]
[BlackElo "1427"]
[Opening "King's gambit"]
[ECO "C30"]
[Time "01:32:06"]
[TimeControl "2700+45"]

1. e4 e5 2. f4 d6 3. Nf3 Nc6 4. Bc4 h6 5. O-O Nf6 6. d3 Bg4 7. Nbd2 d5 8. exd5
Bc5+ 9. Kh1 Nxd5 10. Ne4 Ne3 11. Bxe3 Bxe3 12. fxe5 Nxe5 13. Bb3 f5 14. Ned2 Qe7
15. Qe1 f4 16. Nxe5 Qxe5 17. Nc4 Qg5 18. Nxe3 fxe3 19. Qg3 O-O-O 20. Rf4 h5 21.
Be6+ Kb8 22. Bxg4 hxg4 23. Rxg4 Qc5 24. Rc4 Qe7 25. Re1 Rdf8 26. h3 e2 27. Rf4
Rxf4 28. Qxf4 Rf8 29. Qg3 g5 30. Kh2 a6 31. c3 g4 32. Qxg4 Qe8 33. Qxe2 Qxe2 34.
Rxe2 c5 35. h4 Kc7 36. h5 Rf4 37. Kh3 Kd6 38. g4 Rf3+ 39. Kh4 Rxd3 40. h6 Rf3
41. h7 Rf8 42. g5 Rh8 43. g6 Rf8 44. Kh5 Rf5+ 45. Kh6 Rf8 46. Kg7 {Black
resigns} 1-0

[Event "Team 45 45 League T62"]
[Site "Internet Chess Club"]
[Date "2014.09.06"]
[Round "2"]
[White "Berke"]
[Black "werty"]
[Result "1/2-1/2"]
[WhiteElo "1674"]
[BlackElo "1525"]
[Opening "Queen's pawn"]
[ECO "A40"]
[Time "14:49:39"]
[TimeControl "2700+45"]

1. d4 e6 2. Nf3 d5 3. Bf4 Nf6 4. e3 Bd6 5. Bg3 b6 6. Bd3 Bb7 7. Nbd2 Nbd7 8. c3
Qe7 9. Ne5 O-O-O 10. Qa4 Bxe5 11. dxe5 Nc5 12. Qc2 Nxd3+ 13. Qxd3 Ne4 14. O-O-O
{Game drawn by mutual agreement} 1/2-1/2

[Event "Team 45 45 League T62"]
[Site "Internet Chess Club"]
[Date "2014.09.04"]
[Round "2"]
[White "justice02"]
[Black "fishhead"]
[Result "0-1"]
[WhiteElo "1815"]
[BlackElo "1914"]
[Opening "Sicilian: Najdorf, Opocensky variation"]
[ECO "B92"]
[Time "21:00:14"]
[TimeControl "2700+45"]

1. e4 c5 2. Nf3 d6 3. d4 cxd4 4. Nxd4 Nf6 5. Nc3 a6 6. Be2 e5 7. Nf5 Bxf5 8.
exf5 Be7 9. O-O Qc7 10. Re1 Nbd7 11. Nd5 Nxd5 12. Qxd5 Nf6 13. Qb3 O-O 14. Bf3
Rab8 15. Be3 b5 16. Bd2 Rfe8 17. g4 Qc4 18. g5 Nd7 19. Bd5 Qg4+ 20. Kf1 Qxf5 21.
Be4 Qe6 22. Qxe6 fxe6 23. Bc6 Red8 24. Ba5 Nb6 25. f4 Rf8 26. Kg2 Rxf4 27. Bxb6
Rxb6 28. Bd7 Kf7 29. g6+ hxg6 30. b3 Bh4 31. Re3 Ke7 32. Bc8 Rc6 33. Bb7 Rxc2+
34. Kh3 Bf2 {White resigns} 0-1

[Event "Team 45 45 League T62"]
[Site "Internet Chess Club"]
[Date "2014.09.08"]
[Round "2"]
[White "Longonjo"]
[Black "Grenadier"]
[Result "1-0"]
[WhiteElo "1703"]
[BlackElo "1570"]
[Opening "Caro-Kann: Panov-Botvinnik attack, 5...e6"]
[ECO "B14"]
[Time "19:00:13"]
[TimeControl "2700+45"]

1. e4 c6 2. d4 d5 3. exd5 cxd5 4. c4 Nf6 5. Nc3 e6 6. Nf3 Bb4 7. Qc2 Nc6 8. Bg5
dxc4 9. Bxc4 Be7 10. O-O a6 11. Rad1 b5 12. Bd3 Nb4 13. Qb1 Nxd3 14. Qxd3 Bb7
15. Bxf6 Bxf6 16. Ne4 Bd5 17. Nxf6+ Qxf6 18. b3 O-O 19. Ne5 Rfd8 20. Rc1 Rac8
21. Qe3 h5 22. Rc5 Rxc5 23. dxc5 Rc8 24. b4 Bxa2 25. Qe2 Bd5 26. Qxh5 g6 27. Qe2
Qf4 28. Qb2 Rd8 29. Rd1 Kh7 30. c6 Rc8 31. Rd4 Qg5 32. g3 Kg8 33. Rh4 f6 34. Nd7
Rxc6 35. f4 Qf5 36. Nxf6+ Kf7 37. Rh7+ Kf8 38. Nxd5 Ke8 39. Qh8+ Qf8 40. Re7+
{Black resigns} 1-0

[Event "Team 45 45 League T62"]
[Site "Internet Chess Club"]
[Date "2014.09.13"]
[Round "2"]
[White "GoIrish"]
[Black "parrot9"]
[Result "0-1"]
[WhiteElo "1608"]
[BlackElo "1661"]
[Opening "Réti: King's Indian attack (Barcza system)"]
[ECO "A07"]
[Time "11:08:20"]
[TimeControl "2700+45"]

1. Nf3 d5 2. g3 Nf6 3. Bg2 e6 4. O-O Be7 5. d3 O-O 6. Nbd2 Nbd7 7. e4 dxe4 8.
dxe4 c5 9. e5 Nd5 10. Re1 Nb4 11. Nf1 Qc7 12. h4 h6 13. N1h2 Rd8 14. Qe2 b6 15.
a3 Ba6 16. Qe4 Bb7 17. Qg4 Nxc2 18. Bxh6 Bf8 19. Bg5 Re8 20. Bf4 Nxa1 21. Rxa1
c4 22. Ng5 g6 23. Bxb7 Qxb7 24. h5 Nc5 25. hxg6 fxg6 26. Nhf3 Nd3 27. Nxe6 Rxe6
28. Qxe6+ Qf7 29. Qxf7+ Kxf7 30. Ng5+ Ke8 31. Rb1 Bc5 32. Ne4 Bd4 33. Nd6+ Kd7
34. Nxc4 Bxf2+ 35. Kf1 b5 36. Nd6 Nxf4 37. gxf4 Bg3 38. Nxb5 Bxf4 39. Re1 Rf8
40. Kg2 a6 41. e6+ Ke7 42. Nc7 Bxc7 43. Rc1 Be5 44. Rc6 a5 45. Ra6 Bxb2 46. Rxa5
Kxe6 47. a4 Rf5 48. Ra6+ Kf7 49. Ra7+ Kf6 50. Ra6+ Kg5 51. Rb6 Bc3 52. Rb3 Ba5
53. Rg3+ Kf6 54. Kh3 Rh5+ 55. Kg2 Rg5 56. Rxg5 Kxg5 57. Kg3 Bc7+ 58. Kg2 Kg4 59.
Kg1 Kg3 60. Kh1 g5 61. Kg1 g4 62. Kh1 Kf2 {White resigns} 0-1

[Event "Team 45 45 League T62"]
[Site "Internet Chess Club"]
[Date "2014.09.07"]
[Round "2"]
[White "Invicta-Knight"]
[Black "zepled37"]
[Result "0-1"]
[WhiteElo "1504"]
[BlackElo "1607"]
[Opening "Sicilian: Grand Prix attack"]
[ECO "B23"]
[Time "09:08:58"]
[TimeControl "2700+45"]

1. e4 c5 2. Nc3 Nc6 3. f4 g6 4. Nf3 Bg7 5. Bc4 e6 6. O-O Nge7 7. a3 O-O 8. Qe1
d5 9. exd5 exd5 10. Ba2 b6 11. d3 Bb7 12. Qh4 Nf5 13. Qxd8 Raxd8 14. Nxd5 Ncd4
15. Nxd4 Bxd4+ 16. Ne3 Nxe3 {White resigns} 0-1

[Event "Team 45 45 League T62"]
[Site "Internet Chess Club"]
[Date "2014.09.07"]
[Round "2"]
[White "AngryDad"]
[Black "barbiq"]
[Result "1-0"]
[WhiteElo "1664"]
[BlackElo "1526"]
[Opening "Grünfeld: modern exchange variation"]
[ECO "D85"]
[Time "11:00:27"]
[TimeControl "2700+45"]

1. d4 Nf6 2. c4 g6 3. Nc3 d5 4. cxd5 Nxd5 5. e4 Nxc3 6. bxc3 Bg7 7. Nf3 c5 8.
Be3 Qa5 9. Qd2 O-O 10. Rc1 Bg4 11. Be2 Rd8 12. e5 Nc6 13. O-O Bxf3 14. Bxf3 cxd4
15. cxd4 Qxd2 16. Bxd2 Nxd4 17. Bxb7 Rab8 18. Ba6 Bxe5 19. Rfe1 Bf6 20. Be3 Ne6
21. Bc4 a5 22. Bb3 Kf8 23. Rc6 Rd6 24. Rec1 Rxc6 25. Rxc6 a4 26. Bc4 Rb1+ 27.
Bf1 Ra1 28. Rc2 Nd4 29. Rd2 Ne6 30. g3 Ng5 31. Kg2 Ne4 32. Bh6+ Ke8 33. Bb5#
{Black checkmated} 1-0

[Event "Team 45 45 League T62"]
[Site "Internet Chess Club"]
[Date "2014.09.06"]
[Round "2"]
[White "LN09102Q"]
[Black "Chess-Boy"]
[Result "0-1"]
[WhiteElo "1490"]
[BlackElo "1640"]
[Opening "Ruy Lopez: closed"]
[ECO "C90"]
[Time "20:00:47"]
[TimeControl "2700+45"]

1. e4 e5 2. Nf3 Nc6 3. Bb5 a6 4. Ba4 Nf6 5. O-O Be7 6. Re1 b5 7. Bb3 d6 8. a3
O-O 9. d3 Na5 10. Ba2 c5 11. Bd2 Bg4 12. h3 Bh5 13. Nc3 Qc7 14. Nd5 Nxd5 15.
Bxd5 Rab8 16. Ba2 Rfc8 17. Rb1 b4 18. axb4 cxb4 19. c3 b3 20. g4 Bg6 21. Bxb3
Nxb3 22. Be3 Qc6 23. Ba7 Rb7 24. Be3 Rcb8 25. Qc2 Nc5 26. Red1 Nxe4 27. Nd2 Nxd2
28. Qxd2 d5 29. b4 a5 30. Rdc1 axb4 31. cxb4 Qb5 32. Rb3 d4 33. Bg5 f6 34. Bh4
Bxb4 35. Qe2 e4 36. Bg3 Re8 37. Rcb1 exd3 38. Qb2 d2 39. f3 Bxb1 40. Qxb1 Qe2
{White resigns} 0-1

[Event "Team 45 45 League T62"]
[Site "Internet Chess Club"]
[Date "2014.09.07"]
[Round "2"]
[White "almond123"]
[Black "CaptK"]
[Result "0-1"]
[WhiteElo "1417"]
[BlackElo "1685"]
[Opening "Sicilian: Anderssen variation"]
[ECO "B41"]
[Time "12:30:24"]
[TimeControl "2700+45"]

1. e4 c5 2. Nf3 e6 3. d4 cxd4 4. Nxd4 Nf6 5. Nc3 Nc6 6. Be3 Bb4 7. a3 Bxc3+ 8.
bxc3 Nxe4 9. Bd2 Qf6 10. Qf3 Qxf3 11. gxf3 Nxd2 12. Kxd2 d5 13. Rb1 Nxd4 14.
cxd4 b6 15. c3 Bd7 16. Be2 Rc8 17. Rhg1 g6 18. Ba6 Rc7 19. Be2 Ke7 20. Rgc1 Rhc8
21. Ba6 Rb8 22. Be2 Kf6 23. Rg1 Kf5 24. Rbc1 b5 25. Bd3+ Kf6 26. Rb1 Rbc8 27.
Rbc1 a5 28. Be2 Rb8 29. Rb1 Rcb7 30. Ke3 b4 31. cxb4 axb4 32. axb4 Rxb4 33. Rxb4
Rxb4 34. Bd3 Rb3 35. h4 Bb5 36. Rd1 Rxd3+ 37. Rxd3 Bxd3 38. Kxd3 Kf5 39. Ke3 g5
40. hxg5 Kxg5 41. f4+ Kg4 42. f3+ Kf5 43. Kd3 h5 44. Ke2 h4 45. Kf2 Kxf4 46. Kg2
h3+ 47. Kxh3 Kxf3 48. Kh2 Ke3 49. Kg3 Kxd4 50. Kf3 e5 51. Ke2 f5 52. Kd2 f4 53.
Ke2 e4 54. Kf2 f3 55. Kf1 e3 56. Ke1 Kd3 57. Kf1 f2 58. Kg2 Ke2 59. Kg3 f1=Q 60.
Kg4 Qf6 61. Kg3 d4 62. Kg4 d3 63. Kg3 d2 64. Kg4 d1=Q 65. Kg3 Qg1+ 66. Kh3 Qh8#
{White checkmated} 0-1